 Dungeon Crawl Stone Soup version 0.32-a0-132-g2d33c3cfaf (webtiles) character file.

Game seed: 12857238911420036918

3 Esekla the Sneak (level 1, 16/16 HPs)
             Began as an Octopode Delver on Feb 9, 2024.
             Quit the game on level 5 of the Dungeon.
             The game lasted 00:02:23 (144 turns).

Esekla the Sneak (Octopode Delver)                   Turns: 144, Time: 00:02:24

Health: 16/16      AC:  1    Str: 11    XL:     1   Next: 50%
Magic:  1/1        EV: 13    Int: 12    God:
Gold:   10         SH:  0    Dex: 13    Spells: 0/0 levels left

rFire   . . .        g - +0 dagger
rCold   . . .        (no shield)
rNeg    + . .        (helmet restricted)
rPois   .            (no amulet)
rElec   .            c - ring of positive energy
rCorr   .            (no ring)
SInv    .            (no ring)
Will    .....        (no ring)
Stlth   ++++         (no ring)
HPRegen 0.22/turn    (no ring)
MPRegen 0.07/turn    (no ring)
                     (no ring)

%: no passive effects
@: no status effects
A: almost no armour, amphibious, 8 rings, camouflage 1, gelatinous body 1,
(nimble swimmer 1), tentacles
a: no special abilities


You were on level 5 of the Dungeon.
You visited 2 branches of the dungeon, and saw 2 of its levels.

You collected 10 gold pieces.

Inventory:

Hand Weapons
 a - a +0 falchion
 g - a +0 dagger (weapon)
Jewellery
 c - a ring of positive energy (left tentacle)
Wands
 f - a wand of digging (3)
Scrolls
 b - a scroll of fog
 d - a scroll of fear
 h - a scroll of identify {unknown}
Potions
 e - a potion of haste


   Skills:
 * Level 3.0 Fighting
 + Level 2.0 Long Blades
 * Level 2.0 Dodging
 + Level 6.7 Stealth
 * Level 0.1 Spellcasting


You couldn't memorise any spells.
You didn't know any spells.
Your spell library was empty.

Dungeon Overview and Level Annotations

Branches:
Dungeon (5/15)             Temple (1/1) D:5

Altars:
Cheibriados
Fedhas
Hepliaklqana
Kikubaaqudgha
Qazlal
Ru
Trog
Vehumet


Innate Abilities, Weirdness & Mutations

You cannot wear most types of armour.
You are amphibious.
You can wear up to eight rings at the same time.
Your skin changes colour to match your surroundings (Stealth+).
Your rubbery body absorbs attacks. (AC +1, EV +1)
((You are camouflaged when in or above water. (Stealth+)))
You have tentacles for arms and can constrict up to eight enemies at once.


Message History

The floor.
Found a runed ruby ring.
c - a ring of positive energy An orc comes into view.
It is wielding a +0 dagger.
c - a ring of positive energy (left tentacle)
The orc shouts!
The orc closely misses you.
You barely miss the orc. You grab the orc. You constrict the orc.
You hit the orc. You squeeze the orc, but do no damage.
The orc is severely wounded.
You constrict the orc.
You kill the orc!
You now have 10 gold pieces.
You see here a +0 dagger.
g - a +0 dagger
g - a +0 dagger (weapon)
You have 10 gold pieces.
Unknown command.
Found a staircase to the Ecumenical Temple.
There is a staircase to the Ecumenical Temple here.
You climb downwards.
Welcome to the Ecumenical Temple!
Found six altars.
Found a staircase back to the Dungeon.
There is a staircase back to the Dungeon here.
You climb upwards.
There is a staircase to the Ecumenical Temple here.
Found a scroll labelled UKUSOGE CONT.
A jelly and an adder come into view.
You see here a scroll labelled UKUSOGE CONT.
h - a scroll labelled UKUSOGE CONT A quokka comes into view.
The helpless quokka fails to defend itself.
You impale the quokka!!
You kill the quokka!
There is an open door here.
You open the door.
There is an open door here.
Found a stone staircase leading up.
An iguana comes into view.
Found a blossoming altar of Fedhas.
Are you sure you want to abandon this character and quit the game? (Confirm with "yes".)

#.# ##ß.....ß##*,*,*##
#.# ##.....## *~,~~~#
#.# *##ß.ß## *~~~..# #.#
*,##'## *,~_..# #.#
*,*#..#####.~.~~# #.#
*,,##......l..~~# #.#
**,*##.###.....## #.#
*,* #.# *###### #.# *,*
#@# ###.# *,**#.#* ....#
*,**...******
########****,,.....,,,,*
.......J,,***##.<.##**,*
........,,* ##.## *,*
###.....,,*****#.# *,*
*,....,,,,,,,..#****,*
*,,...,,,,,,,,,,,,**,*


There were no monsters in sight!

Vanquished Creatures
  An orc (D:5)
  A quokka (D:5)
2 creatures vanquished.

Notes
Turn   | Place    | Note
-------+----------+-------------------------------------------
     0 | D:5      | Esekla the Octopode Delver began the quest for the Orb.
     0 | D:5      | Reached XP level 1. HP: 16/16 MP: 1/1
    25 | D:5      | Found a stormy altar of Qazlal.
    25 | D:5      | Noticed a sky beast
    81 | D:5      | Found a staircase to the Ecumenical Temple.
    88 | Temple   | Entered the Ecumenical Temple
   102 | D:5      | Noticed a jelly
   137 | D:5      | Found a blossoming altar of Fedhas.
   137 | D:5      | Noticed an iguana
   144 | D:5      | Quit the game

Illustrated notes

Levels and vault maps discovered:
D:5:      layout_loops_ring, nicolae_qazlal_beasts_of_the_sky, fedhas_altar_2,
          nemelex_dance_club_becter, minmay_temple_entry_junction,
          dk_noncrumbling_4
Temple:   hellmonk_temple_micro_hex

Action                     || total
---------------------------++-------
  Melee: Falchion          ||     2
         Dagger            ||     1
         Constrict         ||     1
         Tentacles         ||     1
    Use: Scroll            ||     1
   Stab: Sleeping          ||     1
  Dodge: Dodged            ||     1

Table legend: (Time is in decaauts)
 A = Elapsed time spent in this place.
 B = Non-inter-level travel time spent in this place.
 C = Inter-level travel time spent in this place.
 D = Time resting spent in this place.
 E = Time spent auto-exploring this place.
 F = Levels seen in this place.
 G = Mean time per level.
                   A        B        C        D        E       F      G
               +--------+--------+--------+--------+--------+-----+--------+
         Total |    143 |    143 |      0 |      0 |      0 |   2 |   71.5 |
       Dungeon |    141 |    141 |      0 |      0 |      0 |   1 |  141.0 |
        Temple |      1 |      1 |      0 |      0 |      0 |   1 |    1.0 |
               +--------+--------+--------+--------+--------+-----+--------+

Top non-repeatable levels by time:
     D:5: 141 daAuts
  Temple: 1 daAuts
